 Dungeon Crawl Stone Soup version 0.29-a0-352-g0917bc69df (webtiles) character file.

Game seed: 9416368949009739207

74 Shayle the Sneak (level 4, 0/26 (28) HPs)
             Began as a Tengu Brigand on Apr 24, 2022.
             Slain by Crazy Yiuf
             ... wielding a +3 quarterstaff of chaos
              (1 damage)
             ... on level 2 of the Dungeon.
             The game lasted 00:03:44 (1612 turns).

Shayle the Sneak (Tengu Brigand)                    Turns: 1612, Time: 00:03:45

HP:   0/26 (28)     AC:  6    Str: 11    XL:     4   Next: 28%
MP:   7/7           EV: 11    Int: 13    God:
Gold: 86            SH:  0    Dex: 16    Spells: 6/6 levels left

rFire   . . .      SeeInvis .   a - +2 dagger
rCold   . . .      Faith    .   (no shield)
rNeg    . . .      Spirit   .   i - +0 ring mail
rPois   .          Reflect  .   (helmet restricted)
rElec   .          Harm     .   c - +0 cloak
rCorr   .          Rampage  .   (no gloves)
Will    .....                   (boots unavailable)
Stlth   ++........              (no amulet)
HPRegen 0.08/turn               (no ring)
MPRegen 0.10/turn               (no ring)

@: drained
A: beak, talons 3
a: no special abilities


You were on level 2 of the Dungeon.
You visited 1 branch of the dungeon, and saw 2 of its levels.

You collected 86 gold pieces.

Inventory:

Hand Weapons
 a - a +2 dagger (weapon)
Missiles
 d - 4 poisoned darts (quivered)
 e - 2 curare-tipped darts
Armour
 b - a +0 robe
 c - a +0 cloak (worn)
 i - a +0 ring mail (worn)
Jewellery
 f - a +6 ring of dexterity
Scrolls
 k - a scroll of enchant weapon {unknown}
 l - 2 scrolls of identify {unknown}
 n - a scroll of teleportation {unknown}
Potions
 g - a potion of curing {unknown}
 h - 2 potions of berserk rage {unknown}
 j - a potion of attraction {unknown}
 m - a potion of degeneration {unknown}
 o - a potion of flight {unknown}


   Skills:
 + Level 3.0 Fighting
 - Level 2.1 Short Blades
 - Level 2.0 Throwing
 + Level 2.6 Dodging
 - Level 4.0 Stealth
 + Level 1.8 Spellcasting


You had 6 spell levels left.
You didn't know any spells.
Your spell library contained the following spells:

 Spells                   Type           Power      Damage    Failure   Level
 Summon Small Mammal      Summ           4%         N/A       54%         1
 Ensorcelled Hibernation  Hex/Ice        2%         N/A       67%         2
 Passwall                 Tmut/Erth      0%         N/A       67%         2
 Call Canine Familiar     Summ           1%         N/A       88%         3
 Summon Guardian Golem    Hex/Summ       1%         N/A       88%         3
 Swiftness                Air            1%         N/A       88%         3


Dungeon Overview and Level Annotations

Branches:
Dungeon (2/15)

Altars:

Shops:
D:2 (([

Annotations:
D:2 Crazy Yiuf


Innate Abilities, Weirdness & Mutations

You have a beak for a mouth.
You have claws for feet.


Message History

Crazy Yiuf cries, "Fluff snockshim blue!"
Throw: 7 darts (poison)
Press: ? - help, Q - select action, (/) - cycle Shift-Dir - straight line, f/p - Crazy Yiuf
Aim: Crazy Yiuf, wielding a +3 quarterstaff of chaos and wearing a +0 cloak (heavily wounded, very poisoned, slow, 65% to hit)
You throw a poisoned dart. The poisoned dart hits Crazy Yiuf.
Crazy Yiuf looks even sicker.
Crazy Yiuf is heavily wounded.
Throw: 6 darts (poison)
Press: ? - help, Q - select action, (/) - cycle Shift-Dir - straight line, f/p - Crazy Yiuf
Aim: Crazy Yiuf, wielding a +3 quarterstaff of chaos and wearing a +0 cloak (heavily wounded, very poisoned, slow, 65% to hit)
You throw a poisoned dart.
The poisoned dart closely misses Crazy Yiuf.
Throw: 5 darts (poison)
Press: ? - help, Q - select action, (/) - cycle Shift-Dir - straight line, f/p - Crazy Yiuf
Aim: Crazy Yiuf, wielding a +3 quarterstaff of chaos and wearing a +0 cloak (severely wounded, very poisoned, slow, 65% to hit)
You throw a poisoned dart. The poisoned dart hits Crazy Yiuf.
Crazy Yiuf looks even sicker.
Crazy Yiuf is severely wounded.
You hit Crazy Yiuf.
Crazy Yiuf is severely wounded.
Crazy Yiuf is no longer moving slowly.
Crazy Yiuf drinks a potion.
Crazy Yiuf is healed!
Unknown command.
Crazy Yiuf attacks as you move away!
Crazy Yiuf hits you with a +3 quarterstaff of chaos.
You feel drained.
Crazy Yiuf opens the door.
Crazy Yiuf attacks as you move away!
Crazy Yiuf hits you with a +3 quarterstaff of chaos!
Crazy Yiuf draws strength from your wounds!
Crazy Yiuf attacks as you move away! Crazy Yiuf closely misses you.
Crazy Yiuf yells, "Snower hand verde!"
Crazy Yiuf attacks as you move away!
Crazy Yiuf hits you with a +3 quarterstaff of chaos.
Crazy Yiuf burns you.
* * * LOW HITPOINT WARNING * * *
Crazy Yiuf attacks as you move away!
Crazy Yiuf hits you with a +3 quarterstaff of chaos!
* * * LOW HITPOINT WARNING * * *
You feel drained.
You die...

### #...[ ..# #.... #.# #....
#.# #.... #.# ##.## ##### #.#
#.## ##...###.# ########.#.
#........##########......#...
#+..'###...g@.....#......##..
#....# #.########.#......##..
♣....♣ #.......<#.#......###.
♣♣...♣ #.########........# #.
♣♣(♣♣ #.# #.#....###### ♣♣.♣
#.# #.#....##.... ♣.♣♣ #.#
#.#...)##.### ♣♣(♣ #.#
#............ ♣.♣♣ #..
###....##....


You could see Crazy Yiuf (poisoned).

Vanquished Creatures
  A jelly (D:2)
  An adder (D:2)
  2 worms (D:2)
  A dart slug (D:1)
  A ball python (D:1)
  3 bats (D:1)
  3 giant cockroaches (D:2)
  A goblin (D:1)
  4 hobgoblins
  2 quokkas
  A frilled lizard (D:1)
  4 kobolds
  3 rats
27 creatures vanquished.

Notes
Turn   | Place    | Note
-------+----------+-------------------------------------------
     0 | D:1      | Shayle the Tengu Brigand began the quest for the Orb.
     0 | D:1      | Reached XP level 1. HP: 12/12 MP: 2/2
   288 | D:1      | Reached XP level 2. HP: 17/17 MP: 3/3
   377 | D:1      | Reached skill level 1 in Spellcasting
   947 | D:2      | Found Zoatwu's Antique Armour Shoppe.
  1041 | D:2      | Found Qinoelel's Weapon Emporium.
  1091 | D:2      | Found Ajigiegi's Antique Weapon Boutique.
  1092 | D:2      | Found a faded altar of an unknown god.
  1123 | D:2      | Reached XP level 3. HP: 22/22 MP: 5/5
  1303 | D:2      | Reached XP level 4. HP: 15/27 MP: 5/7
  1583 | D:2      | Found a runed translucent door.
  1584 | D:2      | Noticed Crazy Yiuf
  1612 | D:2      | HP: 1/27 [Crazy Yiuf/+3 quarterstaff of chaos (7)]
  1612 | D:2      | Slain by Crazy Yiuf

Illustrated notes

Levels and vault maps discovered:
D:1:      lightli_molten_gateway, layout_basic
D:2:      layout_basic, hellmonk_ecumenical_altar_run_dry, serial_shops,
          shop_statue, nicolae_shop_crystal, nicolae_shop_overgrown_old_shop,
          nicolae_shop_crystal, uniq_crazy_yiuf_cottage

Skill      XL: |  1  2  3  4 |
---------------+-------------+-----
Spellcasting   | 1 |  1.8
Dodging        | 2 |  2.6
Fighting       | 3 |  3.0
Short Blades   | |  2.1
Throwing       | |  2.0
Stealth        | |  4.0

Action                   |  1- 3 |  4- 6 || total
-------------------------+-------+-------++-------
Melee: Dagger            |    63 |     3 ||    66
       Peck              |    13 |       ||    13
       Kick              |    15 |     1 ||    16
       Punch             |     2 |       ||     2
Throw: Dart              |       |     6 ||     6
 Stab: Sleeping          |     6 |     1 ||     7
Armor: Ring mail         |    22 |       ||    22
Dodge: Dodged            |    26 |     2 ||    28

Table legend: (Time is in decaauts)
 A = Elapsed time spent in this place.
 B = Non-inter-level travel time spent in this place.
 C = Inter-level travel time spent in this place.
 D = Time resting spent in this place.
 E = Time spent auto-exploring this place.
 F = Levels seen in this place.
 G = Mean time per level.
                   A        B        C        D        E       F      G
               +--------+--------+--------+--------+--------+-----+--------+
         Total |   1604 |   1587 |     17 |    270 |    996 |   2 |  802.0 |
       Dungeon |   1604 |   1587 |     17 |    270 |    996 |   2 |  802.0 |
               +--------+--------+--------+--------+--------+-----+--------+

Top non-repeatable levels by time:
     D:1: 887 daAuts
     D:2: 717 daAuts
